 Dungeon Crawl Stone Soup version 0.26-a0-651-gb41185065b (webtiles) character file.

Game seed: 1659040378958871764

84 Lanoc the Sneak (level 4, -1/37 HPs)
             Began as a Formicid Delver on Oct 6, 2020.
             Was an Initiate of Zin.
             Succumbed to a worker ant's poison
             ... on level 4 of the Dungeon.
             The game lasted 00:04:45 (1205 turns).

Lanoc the Sneak (Formicid Delver)                   Turns: 1205, Time: 00:04:46

Health: -1/37      AC:  3    Str: 18    XL:     4   Next: 72%
Magic:  6/6        EV: 12    Int:  9    God:    Zin [......]
Gold:   65         SH:  5    Dex: 12    Spells: 3/3 levels left

rFire    . . .     SeeInvis +   a - +0 falchion
rCold    . . .     Faith    .   (no shield)
rNeg     . . .     Spirit   .   b - +0 leather armour
rPois    .         Reflect  +   (helmet unavailable)
rElec    .         Harm     .   (no cloak)
rCorr    .         Rampage  .   (no gloves)
MR       .....                  (no boots)
Stlth    +++.......             g - amulet of reflection
HPRegen  0.12/turn              (no ring)
MPRegen  0.10/turn              (no ring)

@: lethally poisoned (-1 -> -22)
A: permanent stasis, dig shafts and tunnels, four strong arms, antennae 3
a: Dig, Shaft Self, Donate Gold, Renounce Religion


You were on level 4 of the Dungeon.
You worshipped Zin.
Zin was noncommittal.
You visited 2 branches of the dungeon, and saw 4 of its levels.

You collected 72 gold pieces.
You donated 7 gold pieces to Zin.

Inventory:

Hand Weapons
 a - a +0 falchion (weapon)
Armour
 b - a +0 leather armour (worn)
Jewellery
 g - an amulet of reflection (around neck)
Wands
 f - a wand of digging (3)
Scrolls
 c - a scroll of fog
 d - 2 scrolls of magic mapping
 e - a scroll of teleportation {unknown}
 h - 2 scrolls of remove curse {unknown}


   Skills:
 + Level 4.0 Fighting
 - Level 2.0 Long Blades
 + Level 2.5 Dodging
 - Level 6.0 Stealth
 * Level 3.2 Invocations


You had 3 spell levels left.
You didn't know any spells.
Your spell library was empty.

Dungeon Overview and Level Annotations

Branches:
Dungeon (5/15)             Temple (1/1) D:4

Altars:
Ashenzari
Dithmenos
Elyvilon
Fedhas
Hepliaklqana
Kikubaaqudgha
Makhleb
Qazlal
Ru
Uskayaw
Vehumet
Wu Jian
Zin

Shops:
D:4 (   D:5 (

Annotations:
D:3 Grinder


Innate Abilities, Weirdness & Mutations

You cannot be hasted, slowed, berserked, paralysed or teleported.
You can dig through walls and to a lower floor.
Your four strong arms can wield two-handed weapons with a shield.
You have a pair of large antennae on your head. (SInv)


Message History

You feel sick. The worker ant barely misses you.
You aren't carrying any potions.
Okay, then.
You hit the worker ant.
The worker ant is almost dead.
* * * LOW HITPOINT WARNING * * *
You feel sick. The worker ant bites you. Zin protects you from harm!
You are more poisoned.
The worker ant poisons you! The worker ant completely misses you.
You hit the worker ant.
You kill the worker ant!
Your Fighting skill increases to level 4!
Your Invocations skill increases to level 3!
* * * LOW HITPOINT WARNING * * *
You feel very sick.
* * * LOW HITPOINT WARNING * * *
You feel sick. Zin protects you from harm!
You die...

#.......### ###....##
.....#>## ######.# #.# #.#
#.# #.# #@# #####.####
#^.......# ####.###.##.#
..#.###.##.##
#####.#.##......########
#....<......<.#........#
#.###.###.#.##......######.#
#.........# ###.##.## #.#


There were no monsters in sight!

Vanquished Creatures
  A scorpion (D:5)
  A worker ant (D:4)
  An adder skeleton (D:4)
  2 orcs
  2 giant cockroaches
  2 quokkas
  A ball python skeleton (D:4)
  A frilled lizard (D:3)
11 creatures vanquished.

Notes
Turn   | Place    | Note
-------+----------+-------------------------------------------
     0 | D:5      | Lanoc the Formicid Delver began the quest for the Orb.
     0 | D:5      | Reached XP level 1. HP: 18/18 MP: 1/1
    24 | D:5      | Found Duntitza's Weapon Shoppe.
    25 | D:5      | Noticed an ogre
    78 | D:5      | Noticed an iguana
   129 | D:4      | Found a staircase to the Ecumenical Temple.
   134 | D:4      | Noticed a worker ant
   138 | Temple   | Entered the Ecumenical Temple
   247 | Temple   | Became a worshipper of Zin the Law-Giver
   435 | D:5      | Reached skill level 1 in Invocations
   435 | D:5      | Reached XP level 2. HP: 24/24 MP: 2/2
   466 | D:5      | Noticed a centaur
   489 | D:5      | Noticed a phantom
   489 | D:5      | Noticed a scorpion
   499 | D:5      | Killed a scorpion
   499 | D:5      | Reached XP level 3. HP: 4/30 MP: 2/5
   499 | D:5      | Reached XP level 4. HP: 5/37 MP: 2/6
   805 | D:4      | Found Fuit's Antique Weapon Boutique.
   817 | D:3      | Noticed Grinder
  1201 | D:4      | Zin protects you from harm!
  1203 | D:4      | HP: 1/37 [poisoned by a worker ant]
  1204 | D:4      | Zin protects you from harm!
  1205 | D:4      | Succumbed to a worker ant's poison

Illustrated notes

Levels and vault maps discovered:
D:3:      layout_basic, grunt_temple_overflow_open, uniq_grinder,
          uniq_crazy_yiuf_cottage, uniq_jessica
D:4:      layout_loops_corners, minmay_temple_entry_stoned_glass, serial_shops,
          nicolae_shop_statue_plus, bh_walls_and_bars
D:5:      layout_basic, serial_shops, kennysheep_little_box, uniq_sigmund
Temple:   dshaligram_water_room_temple

Skill      XL: |  1  2  3  4 |
---------------+-------------+-----
Dodging        | 2 |  2.5
Invocations    | 1 2 3 |  3.2
Fighting       | 4 |  4.0
Long Blades    | |  2.0
Stealth        | |  6.0

Action                   |  1- 3 |  4- 6 || total
-------------------------+-------+-------++-------
Melee: Falchion          |    19 |    29 ||    48
 Abil: Dig               |     2 |       ||     2
  Use: Scroll            |     1 |       ||     1
       Potion            |     1 |       ||     1
 Stab: Sleeping          |     1 |       ||     1
Armor: Leather armour    |     1 |     3 ||     4
Dodge: Dodged            |    26 |    19 ||    45
Block: Other             |       |     4 ||     4
       Rpst.: Falchion   |     8 |     6 ||    14

Table legend: (Time is in decaauts)
 A = Elapsed time spent in this place.
 B = Non-inter-level travel time spent in this place.
 C = Inter-level travel time spent in this place.
 D = Time resting spent in this place.
 E = Time spent auto-exploring this place.
 F = Levels seen in this place.
 G = Mean time per level.
                   A        B        C        D        E       F      G
               +--------+--------+--------+--------+--------+-----+--------+
         Total |   1218 |   1210 |      8 |    433 |    462 |   4 |  304.5 |
       Dungeon |   1099 |   1099 |      0 |    433 |    382 |   3 |  366.3 |
        Temple |    118 |    110 |      8 |      0 |     80 |   1 |  118.0 |
               +--------+--------+--------+--------+--------+-----+--------+

Top non-repeatable levels by time:
     D:4: 695 daAuts
     D:5: 323 daAuts
  Temple: 118 daAuts
     D:3: 80 daAuts
